 Dungeon Crawl Stone Soup version 0.22.1-2-g9c5b331 (webtiles) character file.

345 video the Magician (level 6, -1/43 HPs)
             Began as a Mummy Conjurer on Nov 22, 2018.
             Was an Initiate of Gozag.
             Slain by a worker ant (6 damage)
             ... on level 4 of the Dungeon.
             The game lasted 00:25:28 (5127 turns).

video the Magician (Mummy Conjurer)                 Turns: 5127, Time: 00:25:29

Health: -1/43      AC:  2    Str: 12    XL:     6   Next: 32%
Magic:  1/14       EV: 12    Int: 16    God:    Gozag
Gold:   101        SH:  4    Dex: 12    Spells: 8/15 levels left

rFire    x . .     SeeInvis .   b - +0 dagger
rCold    + . .     Gourm    .   (no shield)
rNeg     + + +     Faith    .   a - +0 robe
rPois    ∞         Spirit   .   (no helmet)
rElec    .         Reflect  +   (no cloak)
rCorr    .         Harm     .   (no gloves)
MR       +....                  (no boots)
Stlth    ++........             e - +4 amulet of reflection
HPRegen  0.14/turn              j - ring of protection from magic
MPRegen  0.14/turn              i - ring of flight

@: no status effects
A: no food or potions, fire vulnerability, cold resistance 1, negative energy
resistance 3, torment resistance, unbreathing
a: Potion Petition, Call Merchant, Bribe Branch, Renounce Religion, Evoke Flight


You were on level 4 of the Dungeon.
You worshipped Gozag.
Gozag was aware of your devotion.
You were not hungry.

You visited 2 branches of the dungeon, and saw 5 of its levels.

You collected 144 gold pieces.
You paid 43 gold pieces to Gozag.

Inventory:

Hand Weapons
 b - a +0 dagger (weapon)
Armour
 a - a +0 robe (worn)
 n - a +0 pair of gloves
Jewellery
 c - an uncursed ring of positive energy
 e - a +4 amulet of reflection (around neck)
 i - a ring of flight (right hand)
 j - a ring of protection from magic (left hand)
Scrolls
 d - a scroll of fog
 k - a scroll of noise {unknown}
 l - 2 scrolls of enchant weapon {unknown}
 m - a scroll of remove curse
 o - a scroll of fear {unknown}


   Skills:
 + Level 1.0 Fighting
 + Level 1.1 Short Blades
 + Level 2.1 Dodging
 + Level 2.0 Stealth
 + Level 0.2 Unarmed Combat
 * Level 5.4 Spellcasting
 + Level 4.6 Conjurations


You had 8 spell levels left.
You knew the following spells:

 Your Spells              Type           Power        Failure   Level  Hunger
a - Magic Dart            Conj           ###.         2%          1    N/A
b - Iskenderun's Mystic   Conj           ###.....     22%         4    N/A
c - Searing Ray           Conj           ###...       3%          2    N/A

Your spell library contained the following spells:

 Spells                   Type           Power        Failure   Level  Hunger
 Dazzling Spray           Conj/Hex       ##....       17%         3    N/A
 Force Lance              Conj/Tloc      ##......     50%         4    N/A
 Fulminant Prism          Conj/Hex       ##........   50%         4    N/A

Dungeon Overview and Level Annotations

Branches:
Dungeon (4/15)             Temple (1/1) D:4

Altars:
Ashenzari
Elyvilon
Fedhas
Gozag
Kikubaaqudgha
Nemelex Xobeh
Trog
Uskayaw
Yredelemnul
The Shining One


Innate Abilities, Weirdness & Mutations

You do not eat or drink.
Your flesh is vulnerable to fire.
You are immune to poison.
Your flesh is cold resistant. (rC+)
You are immune to negative energy. (rN+++)
You are immune to unholy pain and torment.
You can survive without breathing.


Message History

Aim: a worker ant (heavily wounded)
The searing ray hits the worker ant.
The worker ant is heavily wounded. (Press . to maintain the ray.)
The worker ant misses you.
The searing ray hits the worker ant.
The worker ant is severely wounded.
The worker ant closely misses you.
Without enough magic to sustain it, your searing ray dissipates.
The worker ant bites you.
* * * LOW HITPOINT WARNING * * *
You block the worker ant's attack.
You can't drink.
As you read the scroll labeled EHACVE ROISMEA, it crumbles to dust.
You feel blessed for a moment.
It was a scroll of remove curse.
You block the worker ant's attack. The worker ant bites you.
* * * LOW HITPOINT WARNING * * *
The worker ant bites you.
You die...
Your body crumbles into a pile of gold.

,,,,......≈≈≈..................#.
,,,...........#...............>#.
,,........#...#.(.........##...#.
,.........'...#...........##...#.
.......a..#...#...........'....#.
..........#...##....##....#....#.
..........#...########....##...#.
..........#...[.....##....##...#.
.....>....$..o.a@.........##...##
..........#$...............).....
..........#......................
*####.....#......................
#....Z#.######...............
#.....###≈≈≈≈###......##.....
#....###≈≈≈≈≈≈###.....#######
#...o...≈≈..,.....######.....
****#.)....≈≈...,................


You could see a worker ant and an orc.

Vanquished Creatures
  A crimson imp (D:4)
  2 centaur skeletons
  2 orc priests
  An orc wizard (D:4)
  5 adders
  An ooze (D:3)
  An adder skeleton (D:4)
  3 worms (D:3)
  3 dart slugs
  3 leopard geckos
  8 orcs
  A ball python (D:3)
  7 bats
  4 giant cockroaches
  6 goblins
  12 hobgoblins
  7 jackals (D:1)
  4 quokkas
  5 frilled lizards
  10 kobolds
  A leopard gecko skeleton (D:4)
  13 rats
100 creatures vanquished.

Notes
Turn   | Place    | Note
-------+----------+-------------------------------------------
     0 | D:1      | video the Mummy Conjurer began the quest for the Orb.
     0 | D:1      | Reached XP level 1. HP: 13/13 MP: 4/4
   173 | D:1      | Reached XP level 2. HP: 10/19 MP: 0/5
   543 | D:1      | Reached skill level 3 in Spellcasting
   779 | D:1      | Reached XP level 3. HP: 22/24 MP: 0/7
  2375 | D:2      | Reached XP level 4. HP: 31/31 MP: 6/9
  2512 | D:2      | Learned a level 4 spell: Iskenderun's Mystic Blast
  3090 | D:3      | Reached skill level 4 in Spellcasting
  3122 | D:3      | Reached XP level 5. HP: 21/36 MP: 2/11
  3260 | D:3      | Found a glowing drain.
  3520 | D:3      | Learned a level 2 spell: Searing Ray
  4077 | D:3      | Reached skill level 1 in Short Blades
  4752 | D:4      | Reached skill level 1 in Fighting
  4752 | D:4      | Reached skill level 5 in Spellcasting
  4752 | D:4      | Reached XP level 6. HP: 43/43 MP: 1/13
  4858 | D:4      | Noticed an ice beast
  4870 | D:4      | Found a staircase to the Ecumenical Temple.
  4883 | Temple   | Entered the Ecumenical Temple
  5011 | Temple   | Became a worshipper of Gozag Ym Sagoz the Greedy
  5127 | D:4      | Slain by a worker ant

Skill      XL: |  1  2  3  4  5 |
---------------+----------------+-----
Spellcasting   | 3 4 5 |  5.4
Conjurations   | 4 |  4.6
Stealth        | 2 |  2.0
Dodging        | 2 |  2.1
Short Blades   | 1 |  1.1
Fighting       | 1 |  1.0
Unarmed Combat | |  0.2

Action                   |  1- 3 |  4- 6 || total
-------------------------+-------+-------++-------
Melee: Unarmed           |    12 |       ||    12
       Dagger            |    16 |    67 ||    83
 Cast: Magic Dart        |   119 |   124 ||   243
       Iskenderun's Myst |       |     3 ||     3
       Searing Ray       |       |    15 ||    15
  Use: Scroll            |       |     6 ||     6
Armor: Robe              |    13 |    11 ||    24
Dodge: Dodged            |    32 |    66 ||    98
Block: Other             |       |     8 ||     8
